 Dungeon Crawl Stone Soup version 0.31-a0-354-g827e0957a7 (webtiles) character file.

Game seed: 4285444062152387096

788 arthad the Trooper (level 7, -2/46 HPs)
             Began as a Gargoyle Fighter on July 23, 2023.
             Was an Initiate of Gozag.
             Slain by an ogre
             ... wielding a +0 giant spiked club
              (21 damage)
             ... on level 5 of the Dungeon.
             The game lasted 00:06:36 (3585 turns).

arthad the Trooper (Gargoyle Fighter)               Turns: 3585, Time: 00:06:36

Health: -2/46      AC: 14    Str: 22    XL:     7   Next: 87%
Magic:  10/10      EV:  9    Int:  8    God:    Gozag
Gold:   257        SH:  4    Dex:  9    Spells: 10/10 levels left

rFire   . . .        E - +0 morningstar
rCold   . . .        c - +0 buckler
rNeg    + . .        b - +0 scale mail
rPois   ∞            p - +0 helmet
rElec   +            w - scarf {+Inv}
rCorr   .            j - +0 pair of gloves
SInv    .            (no boots)
Will    .....        (no amulet) Stlth
                     q - ring of wizardry
HPRegen 0.27/turn    (no ring)
MPRegen 0.12/turn

%: wizardry (x1)
@: studying Unarmed Combat
A: sickness immunity, AC +4, negative energy resistance 1, electricity
resistance, torment resistance 1, petrification resistance
a: Renounce Religion, Evoke Invisibility, Potion Petition, Call Merchant, Bribe
Branch


You were on level 5 of the Dungeon.
You worshipped Gozag.
Gozag was aware of your devotion.
You visited 2 branches of the dungeon, and saw 6 of its levels.
You also visited: Ossuary.

You collected 309 gold pieces.
You paid 52 gold pieces to Gozag.

Inventory:

Hand Weapons
 a - a +0 flail
 f - a +1 spear of venom
 E - a +0 morningstar (weapon)
Missiles
 o - 5 curare-tipped darts
 r - 4 poisoned darts
 B - 6 atropa-tipped darts
Armour
 b - a +0 scale mail (worn)
 c - a +0 buckler (worn)
 g - a +1 leather armour of fire resistance
 j - a +0 pair of gloves (worn)
 p - a +0 helmet (worn)
 w - a scarf of invisibility (worn)
Jewellery
 q - a ring of wizardry (left hand)
Wands
 y - a wand of polymorph (2)
Scrolls
 h - 2 scrolls of immolation {unknown}
 i - 3 scrolls of blinking
 m - 2 scrolls of identify
 s - a scroll of vulnerability {unknown}
 t - a scroll of acquirement {unknown}
 u - a scroll of silence {unknown}
 x - 2 scrolls of enchant armour {unknown}
 C - 2 scrolls of amnesia {unknown}
Potions
 d - a potion of might
 e - 7 potions of curing {unknown}
 k - 2 potions of heal wounds {unknown}
 l - a potion of attraction {unknown}
 n - 2 potions of brilliance {unknown}
 v - a potion of degeneration {unknown}
 z - a potion of mutation {unknown}
 A - a potion of cancellation {unknown}
 D - a potion of haste {unknown}


   Skills:
 * Level 6.0 Fighting
 * Level 4.9 Maces & Flails
 + Level 4.8 Armour
 + Level 4.9 Shields
 + Level 2.2 Spellcasting


You had 10 spell levels left.
You didn't know any spells.
Your spell library contained the following spells:

 Spells                   Type           Power      Damage    Failure   Level
 Shock                    Conj/Air       0%         1d3       38%         1
 Scorch                   Fire           0%         2d5       52%         2
 Stone Arrow              Conj/Erth      0%         3d7       75%         3
 Swiftness                Air            0%         N/A       75%         3
 Airstrike                Air            0%         2d(0-16)  98%         4
 Animate Armour           Summ/Erth      0%         N/A       98%         4
 Flame Wave               Conj/Fire      0%         2d4       98%         4
 Summon Cactus Giant      Summ           0%         N/A       100%        6
 Lehudib's Crystal Spear  Conj/Erth      0%         10d2      100%        8


Dungeon Overview and Level Annotations

Branches:
Dungeon (5/15)             Temple (1/1) D:4         Ossuary (visited)

Altars:
Ashenzari
Cheibriados
Elyvilon
Fedhas
Gozag
Hepliaklqana
Kikubaaqudgha
Makhleb
Nemelex Xobeh
Ru
Trog
Vehumet
Xom
Zin
The Shining One

Annotations:
D:4 2 runed translucent doors, LeprechaunX's ghost, novice OpSh


Innate Abilities, Weirdness & Mutations

You are immune to sickness and miasma.
Your stone body is resilient. (AC +4)
You are immune to poison.
You resist negative energy. (rN+)
You are resistant to electric shocks. (rElec)
You are resistant to unholy torment.
You are immune to petrification.


Message History

You bludgeon the adder!!
You kill the adder!
No target in view!
No target in view!
No target in view!
No target in view!
No target in view!
No target in view!
You now have 257 gold pieces (gained 5).
Found a plate armour.
An ogre comes into view. It is wielding a +0 giant spiked club.
Found a stone staircase leading down.
The ogre shouts!
The ogre hits you with a +0 giant spiked club!
You barely miss the ogre. The ogre barely misses you.
You completely miss the ogre. The ogre misses you.
You hit the ogre.
The ogre is lightly wounded.
The ogre hits you with a +0 giant spiked club.
You hit the ogre but do no damage.
The ogre is lightly wounded.
The ogre hits you with a +0 giant spiked club!
You are too injured to fight recklessly!
You are too injured to fight recklessly!
You are too injured to fight recklessly!
You are too injured to fight recklessly!
You are too injured to fight recklessly!
You are too injured to fight recklessly!
You are too injured to fight recklessly!
You are too injured to fight recklessly!
You are too injured to fight recklessly!
You are too injured to fight recklessly!
You are too injured to fight recklessly!
You completely miss the ogre.
The ogre is lightly wounded.
You hit the ogre.
The ogre is moderately wounded.
The ogre hits you with a +0 giant spiked club!!
You die...
Your body crumbles into a pile of gold.

# #..# #.# ##...## ### #
#..###.####.....### # #
#.................########
#
#.####.####.#.............
# #.# #.# #.#..##.########
#.####.# #.#..##.#
#......# #.#.###.#
###########.#.###.#
#.>O@........#
#.#####..##### ..# ..# ..[
$ ...# ...#


You could see an ogre.

Vanquished Creatures
  Menkaure (D:4)
  2 scorpions
  3 human zombies (Ossuary)
  2 sleepcaps
  3 hounds
  2 jellies
  A hound zombie (Ossuary)
  3 mummies (Ossuary)
  7 adders
  An ufetubus (D:4)
  4 adder zombies (Ossuary)
  A worm (D:2)
  2 dart slugs
  6 orcs
  6 bats
  3 endoplasms
  9 giant cockroaches
  3 gnoll zombies (Ossuary)
  10 goblins
  9 hobgoblins
  9 kobolds
  6 quokkas
  3 ball pythons
  4 frilled lizards
  3 goblin zombies (Ossuary)
  5 jackal zombies (Ossuary)
  4 kobold zombies (Ossuary)
  An orc zombie (Ossuary)
  6 quokka zombies (Ossuary)
  4 rats
  4 rat zombies (Ossuary)
127 creatures vanquished.

Notes
Turn   | Place    | Note
-------+----------+-------------------------------------------
     0 | D:1      | arthad the Gargoyle Fighter began the quest for the Orb.
     0 | D:1      | Reached XP level 1. HP: 14/14 MP: 1/1
   111 | D:1      | Reached XP level 2. HP: 19/19 MP: 2/2
   389 | D:1      | Reached XP level 3. HP: 24/24 MP: 3/3
   697 | D:2      | Reached skill level 4 in Fighting
   841 | D:2      | Reached XP level 4. HP: 21/29 MP: 4/4
  1723 | D:4      | Reached XP level 5. HP: 19/34 MP: 5/5
  1728 | D:4      | Found a runed translucent door.
  1729 | D:4      | Noticed LeprechaunX's ghost (novice OpSh)
  1870 | D:4      | Found a sand-covered staircase.
  1880 | Ossuary  | Entered an ossuary
  1899 | Ossuary  | Reached skill level 1 in Spellcasting
  1937 | Ossuary  | Reached XP level 6. HP: 34/40 MP: 7/7
  2041 | Ossuary  | Reached skill level 5 in Fighting
  2504 | D:4      | Reached XP level 7. HP: 44/44 MP: 9/9
  2511 | D:4      | Noticed Menkaure
  2520 | D:4      | Killed Menkaure
  2609 | D:4      | Found a staircase to the Ecumenical Temple.
  2622 | Temple   | Entered the Ecumenical Temple
  2646 | Temple   | Became a worshipper of Gozag Ym Sagoz the Greedy
  2860 | D:4      | Found a runed translucent door.
  3145 | D:5      | Entered Level 5 of the Dungeon
  3413 | D:5      | Reached skill level 6 in Fighting
  3585 | D:5      | Slain by an ogre

Illustrated notes

Levels and vault maps discovered:
D:1:      amcnicky_arrival_underground_garden, layout_basic
D:2:      layout_rooms
D:3:      layout_basic
D:4:      layout_loops_ring, minmay_temple_entry_slanted,
          nicolae_ossuary_entry_ruins, ebering_ghost_sewer_f,
          kennysheep_generic_room_16, uniq_menkaure
D:5:      layout_loops_corners, kennysheep_boxes
Temple:   regret_index_temple_generic_petals

Skill      XL: |  1  2  3  4  5  6  7 |
---------------+----------------------+-----
Fighting       | 4 5 6 |  6.0
Maces & Flails | 3 4 |  4.9
Armour         | 4 |  4.8
Shields        | 4 |  4.9
Spellcasting   | 1 2 |  2.2

Action                     |  1- 3 |  4- 6 |  7- 9 || total
---------------------------+-------+-------+-------++-------
  Melee: Flail             |   119 |   259 |    24 ||   402
         Morningstar       |       |       |    52 ||    52
    Use: Scroll            |       |     4 |       ||     4
 Armour: Scale mail        |    86 |   160 |    48 ||   294
  Dodge: Dodged            |    72 |   130 |    25 ||   227
  Block: Buckler           |    29 |    58 |    12 ||    99

Table legend: (Time is in decaauts)
 A = Elapsed time spent in this place.
 B = Non-inter-level travel time spent in this place.
 C = Inter-level travel time spent in this place.
 D = Time resting spent in this place.
 E = Time spent auto-exploring this place.
 F = Levels seen in this place.
 G = Mean time per level.
                   A        B        C        D        E       F      G
               +--------+--------+--------+--------+--------+-----+--------+
         Total |   3703 |   3478 |    225 |      0 |   2473 |   7 |  529.0 |
       Dungeon |   3228 |   3047 |    181 |      0 |   2257 |   5 |  645.6 |
        Temple |     46 |      2 |     44 |      0 |      0 |   1 |   46.0 |
       Ossuary |    428 |    428 |      0 |      0 |    216 |   1 |  428.0 |
               +--------+--------+--------+--------+--------+-----+--------+

Top non-repeatable levels by time:
     D:4: 1029 daAuts
     D:3: 707 daAuts
     D:2: 532 daAuts
     D:1: 505 daAuts
     D:5: 453 daAuts
 Ossuary: 428 daAuts
  Temple: 46 daAuts
